 Dungeon Crawl Stone Soup version 0.22.1-1-ga44c0e56f4 (webtiles) character file.

136 Riddle the Covered (level 5, 0/41 HPs)
             Began as a Formicid Monk on Oct 5, 2018.
             Succumbed to an adder's poison
             ... on level 2 of the Dungeon.
             The game lasted 00:04:15 (2555 turns).

Riddle the Covered (Formicid Monk)                  Turns: 2555, Time: 00:04:16

Health: 0/41       AC:  3    Str: 17    XL:     5   Next: 43%
Magic:  5/6        EV: 13    Int: 14    God:
Gold:   67         SH:  0    Dex: 13    Spells: 4/4 levels left

rFire    . . .     SeeInvis +   a - +0 falchion
rCold    . . .     Gourm    .   (no shield)
rNeg     . . .     Faith    .   b - +0 robe
rPois    .         Spirit   .   (helmet unavailable)
rElec    .         Reflect  .   (no cloak)
rCorr    .         Harm     .   (no gloves)
MR       .....                  g - +0 pair of boots
Stlth    ++........             k - amulet of the acrobat
HPRegen  0.13/turn              (no ring)
MPRegen  0.10/turn              (no ring)

@: brilliant, lethally poisoned (0 -> -9), flying
A: permanent stasis, dig shafts and tunnels, four strong arms, antennae 3, high
mp 2
a: Dig, Shaft Self


You were on level 2 of the Dungeon.
You were not hungry.

You visited 1 branch of the dungeon, and saw 2 of its levels.

You collected 67 gold pieces.

Inventory:

Hand Weapons
 a - a +0 falchion (weapon)
Armour
 b - a +0 robe (worn)
 g - a +0 pair of boots (worn)
Jewellery
 k - an amulet of the acrobat (around neck)
Scrolls
 d - 6 scrolls of identify {unknown}
 e - a scroll of amnesia {unknown}
 f - 2 scrolls of noise {unknown}
 i - 2 scrolls of remove curse {unknown}
 l - 2 scrolls of teleportation {unknown}
 n - a scroll of enchant armour {unknown}
Comestibles
 c - 4 rations
 j - 2 chunks of flesh


   Skills:
 - Level 3.2 Fighting
 - Level 3.0 Long Blades
 + Level 5.1 Armour
 - Level 2.6 Dodging
 - Level 2.4 Stealth


You had 4 spell levels left.
You didn't know any spells.
Your spell library was empty.

Dungeon Overview and Level Annotations

Branches:
Dungeon (2/15)

Altars:
Zin


Innate Abilities, Weirdness & Mutations

You cannot be hasted, slowed, berserked, paralysed or teleported.
You can dig through walls and to a lower floor.
Your four strong arms can wield two-handed weapons with a shield.
You have a pair of large antennae on your head. (SInv)
You have a considerably increased reservoir of magic. (+20% MP)


Message History

You hit the adder.
The adder is almost dead.
You feel sick. The adder misses you. The adder bites you.
* * * LOW HITPOINT WARNING * * *
It was a potion of flight.
You feel very buoyant.
You fly up into the air.
You feel sick. The adder completely misses you.
It was a potion of mutation.
You feel extremely strange.
You feel more energetic. x2
The adder bites you.
* * * LOW HITPOINT WARNING * * *
It was a potion of brilliance.
You feel clever all of a sudden. The adder bites you.
* * * LOW HITPOINT WARNING * * *
You are more poisoned.
The adder poisons you!
You hit the adder.
You kill the adder!
You die...

.. #.#.#.. #.###.#.#.#
#.......... #.......
.##.......... #......#
....#.#.###.# #......#
##..# #.#...# #...?..#
#..###.###.# #......####
##..........( #......##@#
#...........) #....$.#.##
##...###.###.#
#......##{###....#.#.#.#.#
......).S.(....#..#.#.#.#.#
.#......#########..........
........# #######..###....
...###### ##...###.####..##
.. ######....>........... .
.......'..########....


There were no monsters in sight!

Vanquished Creatures
  2 adders (D:2)
  3 gnolls (D:2)
  2 oozes
  3 worms (D:2)
  7 dart slugs
  3 leopard geckos
  A ball python (D:2)
  2 giant cockroaches (D:1)
  6 goblins (D:1)
  6 hobgoblins
  4 jackals (D:2)
  7 kobolds
  4 bats (D:1)
  A frilled lizard (D:1)
  5 rats
56 creatures vanquished.

Notes
Turn   | Place    | Note
-------+----------+-------------------------------------------
     0 | D:1      | Riddle the Formicid Monk began the quest for the Orb.
     0 | D:1      | Reached XP level 1. HP: 18/18 MP: 1/1
    29 | D:1      | Reached skill level 1 in Armour
    46 | D:1      | Reached XP level 2. HP: 22/24 MP: 2/2
    66 | D:1      | Reached skill level 2 in Armour
   427 | D:1      | Reached XP level 3. HP: 29/29 MP: 3/3
   605 | D:1      | Reached skill level 3 in Armour
  1175 | D:1      | Reached XP level 4. HP: 27/35 MP: 4/4
  1849 | D:2      | Reached skill level 4 in Armour
  2093 | D:2      | Found a glowing silver altar of Zin.
  2218 | D:2      | Reached XP level 5. HP: 41/41 MP: 5/5
  2379 | D:2      | Reached skill level 5 in Armour
  2553 | D:2      | Gained mutation: You have an increased reservoir of magic.
                  | (+10% MP) [potion of mutation]
  2553 | D:2      | Gained mutation: You have a considerably increased
                  | reservoir of magic. (+20% MP) [potion of mutation]
  2554 | D:2      | HP: 1/41 [adder (3)]
  2555 | D:2      | Succumbed to an adder's poison

Skill      XL: |  1  2  3  4  5 |
---------------+----------------+-----
Armour         | 1 2 3 4 5 |  5.1
Fighting       | |  3.2
Long Blades    | |  3.0
Dodging        | |  2.6
Stealth        | |  2.4

Action                   |  1- 3 |  4- 6 || total
-------------------------+-------+-------++-------
Melee: Falchion          |    70 |   104 ||   174
 Abil: Dig               |     3 |     2 ||     5
  Use: Potion            |       |     3 ||     3
 Stab: Sleeping          |     4 |     1 ||     5
  Eat: Chunk             |     1 |     5 ||     6
Armor: Robe              |     8 |    15 ||    23
Dodge: Dodged            |    54 |    69 ||   123
       Rpst.: Falchion   |    16 |    22 ||    38
